AoeStats
← Fallout

African Clearing

510628257Analyzed
4v4 RM · 2d ago on Oct 1, 2026· 30m 45s· 8 players
Game mode
Random Map
Map size
Large (8 player)
Population
200
Speed
Normal
Resources
Standard
Victory
Conquest
Starting age
Dark Age
Ending age
Imperial Age
RankedLock teamsTeams togetherTeam positionsShared explorationLock speedFull tech treeHidden civsTurbo modeCheats
Victory
Defeat
🇬🇧 Berbers · United Kingdom
1684
+12
🇺🇸 Mongols · United States
1617
+15
🇺🇸 Saxons · United States
1576
+16
🇺🇸 Huns · United States
1477
+21
🇧🇷 Magyars · Brazil
1640
-18
🇧🇷 Danes · Brazil
1603
-17
🇧🇷 Mongols · Brazil
1592
-16
🇧🇷 Hindustanis · Brazil
1517
-13
Jaxto
10:37 Feudal Age
11:19 Loom
11:49 Double-Bit Axe
16:18 Forging
23:10 Castle Age
21:34 Scale Barding Armor
23:36 Light Cavalry
24:27 Bloodlines
27:53 Fletching
28:04 Padded Archer Armor
29:53 Bodkin Arrow
30:14 Leather Archer Armor
The Daunting Knight
5:32 Loom
13:19 Feudal Age
17:10 Castle Age
16:24 Double-Bit Axe
16:32 Gold Mining
20:41 Bow Saw
21:04 Fletching
22:11 Padded Archer Armor
28:33 Bodkin Arrow
31:10 Ballistics
Thundernips, The Ultimate Gigolo
3:51 Loom
15:54 Feudal Age
17:10 Town Watch
19:38 Castle Age
17:56 Double-Bit Axe
21:14 Wheelbarrow
20:51 Bow Saw
21:12 Fishing Lines
21:44 Gold Mining
24:35 Fletching
25:28 Gillnets
29:27 Horse Collar
31:09 Heavy Plow
Fallout
3:59 Loom
13:51 Feudal Age
17:57 Castle Age
17:45 Fletching
17:55 Padded Archer Armor
24:05 Fletching
26:08 Double-Bit Axe
27:59 Bodkin Arrow
30:26 Ballistics
Floripa
8:31 Loom
12:31 Feudal Age
13:26 Town Watch
13:46 Double-Bit Axe
16:17 Castle Age
17:12 Bow Saw
22:34 Horse Collar
25:58 Fletching
30:06 Imperial Age
28:08 Scale Barding Armor
31:01 Chain Barding Armor
Fs.China
12:06 Feudal Age
14:09 Loom
17:24 Castle Age
16:09 Fletching
17:26 Crossbowman
18:01 Bodkin Arrow
18:08 Bodkin Arrow
20:41 Double-Bit Axe
24:31 Bow Saw
24:02 Horse Collar
25:48 Wheelbarrow
25:49 Town Watch
32:09 Imperial Age
Fs.Hitshangui
8:55 Loom
11:15 Feudal Age
11:41 Double-Bit Axe
17:56 Scale Barding Armor
22:58 Castle Age
22:12 Bloodlines
22:47 Forging
23:52 Husbandry
27:36 Chain Barding Armor
Fs.Nx Imperial
4:26 Loom
12:28 Feudal Age
13:25 Double-Bit Axe
15:46 Fletching
20:29 Horse Collar
26:00 Castle Age
25:09 Scale Barding Armor
25:13 Gold Mining
27:09 Bloodlines
30:16 Bow Saw
Connection lost

Rejoining the realm…

Still unreachable

The connection could not be restored.

Session expired

The server has moved on; the page needs a fresh start.